 Dungeon Crawl Stone Soup version 0.24-a0-725-gf1a930fc54 (webtiles) character file.

Game seed: 1379875537756259571, levelgen mode: deterministic

5 MalarOregon the Shooter (level 1, -2/18 HPs)
             Began as a Draconian Hunter on Oct 1, 2019.
             Slain by a jackal (3 damage)
             ... on level 1 of the Dungeon.
             The game lasted 00:01:06 (249 turns).

MalarOregon the Shooter (Draconian Hunter)           Turns: 249, Time: 00:01:07

Health: -2/18      AC:  4    Str: 14    XL:     1   Next: 66%
Magic:  1/1        EV: 12    Int: 11    God:
Gold:   40         SH:  0    Dex: 11    Spells: 0/0 levels left

rFire    . . .     SeeInvis .   f - -3 hunting sling (curse)
rCold    . . .     Gourm    .   (no shield)
rNeg     . . .     Faith    .   (armour unavailable)
rPois    .         Spirit   .   (helmet restricted)
rElec    .         Reflect  .   (no cloak)
rCorr    .         Harm     .   (no gloves)
MR       .....                  (no boots)
Stlth    +.........             (no amulet)
HPRegen  0.06/turn              (no ring)
MPRegen  0.07/turn              (no ring)

@: no status effects
A: unfitting armour, cold-blooded, AC +4
a: no special abilities


You were on level 1 of the Dungeon.
You were not hungry.

You visited 1 branch of the dungeon, and saw 1 of its levels.

You collected 40 gold pieces.

Inventory:

Hand Weapons
 a - a +1 shortbow
 b - a +0 short sword
 f - a cursed -3 hunting sling (weapon)
   (You found it on level 1 of the Dungeon)
Missiles
 c - 19 arrows
 h - 6 stones (quivered)
Potions
 d - a potion of curing {unknown}
Comestibles
 e - 2 rations {!d}


   Skills:
 * Level 2.3 Fighting
 + Level 0.2 Short Blades
 * Level 3.6 Bows
 + Level 1.8 Dodging
 + Level 1.0 Stealth
 + Level 0.1 Spellcasting


You couldn't memorise any spells.
You didn't know any spells.
Your spell library was empty.

Dungeon Overview and Level Annotations

Branches:
Dungeon (1/15)

Altars:


Innate Abilities, Weirdness & Mutations

Your plain brown scales are hard. (AC +4)
You cannot fit into any form of body armour.
You are cold-blooded and may be slowed by cold attacks.


Message History

The jackal closely misses you. x2
Firing (i - inventory)
h - 16 stones (quivered)
Aim: a jackal (heavily wounded)
You shoot a stone. The stone barely misses the jackal.
The jackal barely misses you.
A jackal comes into view.
The jackal bites you but does no damage.
Firing (i - inventory)
h - 15 stones (quivered)
Aim: a jackal (heavily wounded)
You shoot a stone. The jackal barks!
The stone hits the jackal but does no damage.
A jackal comes into view.
The jackal barely misses you. The jackal misses you.
Unknown command.
Firing (i - inventory)
h - 14 stones (quivered)
Aim: a jackal (heavily wounded)
You shoot a stone. The stone hits the jackal.
You kill the jackal!
Firing (i - inventory)
h - 13 stones (quivered)
Aim: a jackal You shoot a stone.
The stone hits the jackal.
Firing (i - inventory)
h - 12 stones (quivered)
Aim: a jackal (almost dead)
You shoot a stone. The stone hits the jackal.
You kill the jackal!
Your Stealth skill increases to level 1!
Firing (i - inventory)
h - 11 stones (quivered)
Aim: a jackal You shoot a stone.
The stone misses the jackal.
The jackal closely misses you.
Firing (i - inventory)
h - 10 stones (quivered)
Aim: a jackal You shoot a stone.
The stone barely misses the jackal.
The jackal barely misses you. The jackal misses you.
Firing (i - inventory)
h - 9 stones (quivered)
Aim: a jackal You shoot a stone.
The stone hits the jackal.
The jackal bites you.
* * * LOW HITPOINT WARNING * * *
The jackal bites you.
* * * LOW HITPOINT WARNING * * *
Firing (i - inventory)
h - 8 stones (quivered)
Aim: a jackal (lightly wounded)
You shoot a stone. The stone closely misses the jackal.
The jackal closely misses you.
Firing (i - inventory)
h - 7 stones (quivered)
Aim: a jackal (lightly wounded)
You shoot a stone. The stone barely misses the jackal.
The jackal bites you.
* * * LOW HITPOINT WARNING * * *
The jackal bites you.
You die...

#.#
.(#.#
#.#.#
#.#.#
#(#.#
#(#.#
#.#.#
#h#.#
#@#.#
#.#.#
#.#.#
#.#.#
#.#.#
#.#.#
#.#.#
#.#.#
#.#.#


You could see a jackal.

Vanquished Creatures
  A hobgoblin (D:1)
  2 jackals (D:1)
  A frilled lizard (D:1)
  A rat (D:1)
5 creatures vanquished.

Notes
Turn   | Place    | Note
-------+----------+-------------------------------------------
     0 | D:1      | MalarOregon the Draconian Hunter began the quest for the
                  | Orb.
     0 | D:1      | Reached XP level 1. HP: 17/17 MP: 1/1
   244 | D:1      | Reached skill level 1 in Stealth
   249 | D:1      | Slain by a jackal

Levels and vault maps discovered:
D:1:      dpeg_arrival_another_circle, layout_basic, serial_bayou_pond_e,
          chequers_big_river, grunt_decor_arrowhead

Skill      XL: |  1 |
---------------+----+-----
Stealth        | 1 |  1.0
Fighting       | |  2.3
Short Blades   | |  0.2
Bows           | |  3.6
Dodging        | |  1.8
Spellcasting   | |  0.1

Action                   || total
-------------------------++-------
 Fire: Hunting sling     ||    32
       Shortbow          ||     3
Armor: Skin              ||     9
Dodge: Dodged            ||    26

Table legend:
 A = Non-vault XP
 B = Vault XP
 C = Vault XP percentage of total XP
 D = Non-vault monster count
 E = Vault monster count
 F = Vault count percentage of total count
                 A         B        C        D         E       F
            +---------+---------+-------+---------+---------+-------
      Total |       8 |       0 |   0.0 |       5 |       0 |   0.0
            +---------+---------+-------+---------+---------+-------
        D:1 |       8 |       0 |   0.0 |       5 |       0 |   0.0
            +---------+---------+-------+---------+---------+-------
